 Dungeon Crawl Stone Soup version 0.31-a0-460-g9e667d4245 (webtiles) character file.

Game seed: 1830844497999369501

511 lessens the Chopper (level 6, -10/47 HPs)
             Began as a Demonspawn Fighter on Aug 4, 2023.
             Mangled by an ogre
             ... wielding a +0 giant club
              (30 damage)
             ... on level 5 of the Dungeon.
             The game lasted 00:04:01 (3461 turns).

lessens the Chopper (Demonspawn Fighter)            Turns: 3461, Time: 00:04:02

Health: -10/47     AC:  8    Str: 18    XL:     6   Next: 99%
Magic:  6/6        EV:  9    Int: 10    God:
Gold:   177        SH:  8    Dex: 12    Spells: 5/5 levels left

rFire   . . .        a - +0 war axe
rCold   . . .        u - +0 kite shield
rNeg    . . .        w - +1 leather armour {Will+}
rPois   .            (no helmet)
rElec   .            (no cloak)
rCorr   .            (no gloves)
SInv    .            (no boots)
Will    +....        (no amulet)
Stlth   +            o - +4 ring of protection
HPRegen 0.27/turn    (no ring)
MPRegen 0.10/turn

%: no passive effects
@: no status effects
A: powered by death 2
a: no special abilities


You were on level 5 of the Dungeon.
You visited 1 branch of the dungeon, and saw 5 of its levels.

You collected 177 gold pieces.

Inventory:

Hand Weapons
 a - a +0 war axe (weapon)
Missiles
 e - 52 stones
 h - 12 poisoned darts
Armour
 b - a +0 scale mail
 c - a +0 buckler
 r - a scarf of repulsion
 u - a +0 kite shield (worn)
 w - a +1 leather armour of willpower (worn)
Jewellery
 o - a +4 ring of protection (left hand)
 x - a ring of protection from fire
Scrolls
 f - 3 scrolls of teleportation {unknown}
 i - 2 scrolls of vulnerability {unknown}
 k - a scroll of noise {unknown}
 l - a scroll of enchant weapon {unknown}
 m - 2 scrolls of fog {unknown}
 n - a scroll of summoning {unknown}
 q - 6 scrolls of identify {unknown}
 s - a scroll of amnesia {unknown}
 v - a scroll of fear {unknown}
Potions
 d - a potion of might
 g - a potion of magic {unknown}
 j - a potion of brilliance {unknown}
 p - a potion of heal wounds {unknown}
 t - a potion of cancellation {unknown}


   Skills:
 - Level 3.0 Fighting
 + Level 7.0 Axes
 - Level 2.6 Armour
 - Level 2.6 Shields


You had 5 spell levels left.
You didn't know any spells.
Your spell library was empty.

Dungeon Overview and Level Annotations

Branches:
Dungeon (5/15) Zot: 26421
 Temple: D:4-7

Altars:
Fedhas

Shops:
D:2 [


Innate Abilities, Weirdness & Mutations

You regenerate health from kills.


Message History

You barely miss the scorpion.
You feel sick. You block the scorpion's attack. The scorpion barely misses you.
You slash the scorpion!
The scorpion is heavily wounded.
You feel sick. You block the scorpion's attack. The scorpion misses you.
You slash the scorpion!
The scorpion is almost dead.
You feel sick.
The scorpion stings you but does no damage.
You slash the scorpion!
You kill the scorpion!
You feel sick.
Your Axes skill increases to level 7!
No target in view!
You feel sick.
You are no longer poisoned.
An ogre comes into view. It is wielding a +0 giant club.
The ogre shouts!
You see here a scorpion corpse.
An ogre is nearby!
An ogre is nearby!
The ogre hits you with a +0 giant club.
You hit the ogre.
The ogre is lightly wounded.
The ogre hits you with a +0 giant club!!
You slash the ogre!
The ogre is moderately wounded.
You hit the ogre.
The ogre is heavily wounded.
The ogre hits you with a +0 giant club!
You are too injured to fight recklessly!
You are too injured to fight recklessly!
You completely miss the ogre.
The ogre is heavily wounded.
You block the ogre's attack.
You hit the ogre but do no damage.
The ogre is heavily wounded.
The ogre hits you with a +0 giant club!!
Ouch! That really hurt!
You die...

#.#
#.#......#####♣.≈≈...≈≈.
#.# #.#.##....#
♣.≈≈._.≈≈. #.#
#.#.####..# ##♣.≈≈...≈≈.
##.## ##.### #..#
#.♣.≈.≈≈≈.≈.
#...#####...## #..#
#.♣.≈..)..≈.
..8.......8..# #..#
#.♣..≈≈≈≈≈..
#...#####...## #.†#
#<.♣♣♣♣♣♣♣♣♣ ##.##
##.######..#.#...#.# #
### ####..O@....#...#.#
#........##.##.#
#........#.....#
#........#######
#.)........ ........####
.........# ..........#


You could see an ogre.

Vanquished Creatures
  Menkaure (D:4)
  2 scorpions (D:5)
  2 iguanas
  7 gnolls
  4 adders
  An ufetubus (D:5)
  2 dart slugs
  13 orcs
  9 ball pythons
  6 endoplasms
  6 giant cockroaches
  7 goblins
  10 hobgoblins
  6 jackals
  3 quokkas
  6 bats
  4 frilled lizards (D:1)
  8 kobolds
  5 rats
102 creatures vanquished.

Notes
Turn   | Place    | Note
-------+----------+-------------------------------------------
     0 | D:1      | lessens the Demonspawn Fighter began the quest for the Orb.
     0 | D:1      | Reached XP level 1. HP: 18/18 MP: 1/1
    30 | D:1      | Reached skill level 2 in Axes
   102 | D:1      | Gained mutation: You regenerate a little health from kills.
                  | [demonic ancestry]
   102 | D:1      | Reached XP level 2. HP: 15/24 MP: 2/2
   213 | D:1      | Reached skill level 3 in Axes
   302 | D:1      | Reached XP level 3. HP: 29/29 MP: 3/3
   325 | D:1      | Found a faded altar of an unknown god.
   797 | D:2      | Found Apsiefesm's Antique Armour Shop.
  1074 | D:2      | Reached skill level 4 in Axes
  1074 | D:2      | Reached XP level 4. HP: 29/35 MP: 4/4
  1760 | D:3      | Reached XP level 5. HP: 31/41 MP: 5/5
  1771 | D:3      | Reached skill level 5 in Axes
  2661 | D:4      | Noticed Menkaure
  2668 | D:4      | Killed Menkaure
  2669 | D:4      | Reached skill level 6 in Axes
  2669 | D:4      | Gained mutation: You regenerate health from kills. [demonic
                  | ancestry]
  2669 | D:4      | Reached XP level 6. HP: 8/47 MP: 6/6
  3044 | D:5      | Entered Level 5 of the Dungeon
  3044 | D:5      | Found a blossoming altar of Fedhas.
  3417 | D:5      | Reached skill level 7 in Axes
  3461 | D:5      | Mangled by an ogre

Illustrated notes

Levels and vault maps discovered:
D:1:      zaba_arrival_water, layout_basic, ebering_ecumenical_altar_box
D:2:      layout_loops_ring, serial_shops, nicolae_shop_waterfront, st_stairs_9
D:3:      layout_basic
D:4:      layout_loops_ring, serial_bayou_crossing, uniq_menkaure
D:5:      layout_basic, grunt_gozag_statues, mainiacjoe_overflow_paths,
          gammafunk_ghost_mausoleum, minmay_misc_feat_tower

Skill      XL: |  1  2  3  4  5  6 |
---------------+-------------------+-----
Axes           | 2 3 4 6 7 |  7.0
Fighting       | |  3.0
Armour         | |  2.6
Shields        | |  2.6

Action                     |  1- 3 |  4- 6 || total
---------------------------+-------+-------++-------
  Melee: War axe           |    94 |   181 ||   275
 Armour: Scale mail        |    54 |    90 ||   144
         Leather armour    |       |    19 ||    19
  Dodge: Dodged            |    43 |    95 ||   138
  Block: Buckler           |    25 |    35 ||    60
         Kite shield       |       |    48 ||    48

Table legend: (Time is in decaauts)
 A = Elapsed time spent in this place.
 B = Non-inter-level travel time spent in this place.
 C = Inter-level travel time spent in this place.
 D = Time resting spent in this place.
 E = Time spent auto-exploring this place.
 F = Levels seen in this place.
 G = Mean time per level.
                   A        B        C        D        E       F      G
               +--------+--------+--------+--------+--------+-----+--------+
         Total |   3577 |   3313 |    264 |    100 |   2510 |   5 |  715.4 |
       Dungeon |   3577 |   3313 |    264 |    100 |   2510 |   5 |  715.4 |
               +--------+--------+--------+--------+--------+-----+--------+

Top non-repeatable levels by time:
     D:4: 927 daAuts
     D:2: 905 daAuts
     D:1: 802 daAuts
     D:3: 512 daAuts
     D:5: 428 daAuts

Levels and vault maps discovered:
D:1:      zaba_arrival_water, layout_basic, ebering_ecumenical_altar_box
D:2:      layout_loops_ring, serial_shops, nicolae_shop_waterfront, st_stairs_9
D:3:      layout_basic
D:4:      layout_loops_ring, serial_bayou_crossing, uniq_menkaure
D:5:      layout_basic, grunt_gozag_statues, mainiacjoe_overflow_paths,
          gammafunk_ghost_mausoleum, minmay_misc_feat_tower
